 Dungeon Crawl Stone Soup version 0.28-a0-2-g643f2454ad (webtiles) character file.

Game seed: 13044664060235538826

1 MovingMist the Covered (level 1, 0/14 HPs)
             Began as a Gargoyle Fighter on July 22, 2021.
             Slain by a quokka (4 damage)
             ... on level 1 of the Dungeon.
             The game lasted 00:00:13 (48 turns).

MovingMist the Covered (Gargoyle Fighter)             Turns: 48, Time: 00:00:13

Health: 0/14       AC:  9    Str: 19    XL:     1   Next: 20%
Magic:  1/1        EV:  7    Int:  8    God:
Gold:   10         SH:  9    Dex:  9    Spells: 0/0 levels left

rFire   . . .      SeeInvis .   a - +0 flail
rCold   . . .      Faith    .   c - +0 kite shield
rNeg    + . .      Spirit   .   b - +0 scale mail
rPois   ∞          Reflect  .   (no helmet)
rElec   +          Harm     .   (no cloak)
rCorr   .          Rampage  .   (no gloves)
Will    .....                   (no boots)
Stlth   ..........              (no amulet)
HPRegen 0.04/turn               (no ring)
MPRegen 0.07/turn               (no ring)

@: no status effects
A: sickness immunity, AC +2, negative energy resistance 1, electricity
resistance, torment resistance 1, petrification resistance
a: no special abilities


You were on level 1 of the Dungeon.
You visited 1 branch of the dungeon, and saw 1 of its levels.

You collected 10 gold pieces.

Inventory:

Hand Weapons
 a - a +0 flail (weapon)
Armour
 b - a +0 scale mail (worn)
 c - a +0 kite shield (worn)
Potions
 d - a potion of might


   Skills:
 + Level 3.3 Fighting
 + Level 2.0 Maces & Flails
 + Level 3.3 Armour
 * Level 0.1 Dodging
 - Level 3.2 Shields


You couldn't memorise any spells.
You didn't know any spells.
Your spell library was empty.

Dungeon Overview and Level Annotations

Branches:
Dungeon (1/15)

Altars:


Innate Abilities, Weirdness & Mutations

You are immune to sickness and miasma.
Your stone body is resilient. (AC +2)
You are immune to poison.
You resist negative energy. (rN+)
You are resistant to electric shocks. (rElec)
You are resistant to unholy torment.
You are immune to petrification.


Message History

The ball python constricts you.
You hit the ball python.
You kill the ball python!
You block the quokka's attack. The goblin barely misses you.
The quokka bites you but does no damage.
You block the goblin's attack.
You closely miss the quokka. The quokka bites you.
You block the kobold's attack. The goblin hits you but does no damage.
The quokka bites you but does no damage.
You block the kobold's attack.
You barely miss the quokka. You block the quokka's attack.
The goblin hits you but does no damage. The kobold hits you but does no damage.
You block the quokka's attack. The goblin hits you but does no damage.
You miss the quokka. You block the kobold's attack.
The quokka bites you but does no damage.
The goblin hits you but does no damage.
The quokka bites you but does no damage.
The kobold hits you but does no damage.
You barely miss the quokka. The goblin hits you with a +0 dagger.
You block the quokka's attack. The kobold hits you but does no damage.
The goblin hits you but does no damage.
The quokka bites you but does no damage.
You closely miss the kobold. The kobold closely misses you.
The quokka bites you but does no damage.
You block the goblin's attack. The kobold barely misses you.
You miss the kobold. The quokka bites you.
The goblin hits you but does no damage. The kobold barely misses you.
The quokka bites you but does no damage.
You block the goblin's attack.
You closely miss the kobold.
The quokka bites you but does no damage.
You block the kobold's attack. The goblin hits you with a +0 dagger.
The quokka bites you but does no damage.
You block the kobold's attack.
You barely miss the kobold. The goblin hits you but does no damage.
The quokka bites you.
The kobold hits you with a +0 short sword.
* * * LOW HITPOINT WARNING * * *
The goblin hits you but does no damage. The quokka bites you.
You die...

##.# .. #####
##..#####.# #....#
##.........# #......
.........#
#......#####.......
#....#...##....#.# #
#.#...r###.........#...#
!.....g@Kg..$#......._..
......####.....#...#...#
.#### #..#####..# #
.^..## .... ###...
...... #... .#.....
..### ...#..# ##.
..#....


You could see a quokka, 2 goblins and a kobold.

Vanquished Creatures
  A ball python (D:1)
  A frilled lizard (D:1)
2 creatures vanquished.

Notes
Turn   | Place    | Note
-------+----------+-------------------------------------------
     0 | D:1      | MovingMist the Gargoyle Fighter began the quest for the
                  | Orb.
     0 | D:1      | Reached XP level 1. HP: 14/14 MP: 1/1
    28 | D:1      | Found a faded altar of an unknown god.
    48 | D:1      | Slain by a quokka

Illustrated notes

Levels and vault maps discovered:
D:1:      elethiomel_arrival_quiet, layout_rooms, ebering_ecumenical_altar_box

Action                   || total
-------------------------++-------
Melee: Flail             ||    12
Armor: Scale mail        ||    24
Dodge: Dodged            ||     5
Block: Kite shield       ||    16

Table legend: (Time is in decaauts)
 A = Elapsed time spent in this place.
 B = Non-inter-level travel time spent in this place.
 C = Inter-level travel time spent in this place.
 D = Time resting spent in this place.
 E = Time spent auto-exploring this place.
 F = Levels seen in this place.
 G = Mean time per level.
                   A        B        C        D        E       F      G
               +--------+--------+--------+--------+--------+-----+--------+
         Total |     53 |     53 |      0 |      0 |     23 |   1 |   53.0 |
       Dungeon |     53 |     53 |      0 |      0 |     23 |   1 |   53.0 |
               +--------+--------+--------+--------+--------+-----+--------+

Top non-repeatable levels by time:
     D:1: 53 daAuts
